 Dungeon Crawl Stone Soup version 0.24.0-37-gcf1ca852f1 (webtiles) character file.

Game seed: 4999027212814068374, levelgen mode: deterministic

79 Descartes the Grasshopper (level 4, -8/20 HPs)
             Began as a Felid Warper on Nov 30, 2019.
             Splashed by a goblin's acid (15 damage)
             ... led by Robin
             ... on level 3 of the Dungeon.
             The game lasted 00:07:40 (5165 turns).

Descartes the Grasshopper (Felid Warper)            Turns: 5165, Time: 00:07:40

Health: -8/20      AC: -3    Str:  8    XL:     4   Next: 16%
Magic:  9/9        EV: 19    Int: 14    God:
Gold:   113        SH:  0    Dex: 16    Spells: 4/8 levels left
                                        Lives:  0   Deaths: 1

rFire    . . .     SeeInvis +     - Unarmed
rCold    . . .     Gourm    .   (shield unavailable)
rNeg     . . .     Faith    .   (armour unavailable)
rPois    .         Spirit   .   (helmet unavailable)
rElec    .         Reflect  .   (cloak unavailable)
rCorr    .         Harm     .   (gloves unavailable)
MR       .....                  (boots unavailable)
Stlth    ++........             (no amulet)
HPRegen  0.06/turn              (no ring)
MPRegen  0.11/turn              (no ring)

@: corroded, quick
A: very small, no armour, no weapons or thrown items, stealth, claws 1, fangs 3,
see invisible, carnivore, speed 1, shaggy fur 1, slow metabolism 1, sharp paws
a: no special abilities


You were on level 3 of the Dungeon.
You were full.

You visited 1 branch of the dungeon, and saw 3 of its levels.

You collected 113 gold pieces.

Inventory:

Missiles
 a - 180 stones
 k - 26 arrows
Jewellery
 f - a cursed ring of teleportation {unknown}
 q - an uncursed amulet of guardian spirit {unknown}
Wands
 o - a wand of flame (20)
Scrolls
 b - a scroll of blinking
 h - a scroll of teleportation
 i - a scroll of magic mapping {unknown}
 j - a scroll of enchant weapon {unknown}
 l - a scroll of immolation {unknown}
 n - a scroll of identify {unknown}
 r - a scroll of noise {unknown}
Potions
 d - 2 potions of curing
 e - 3 potions of degeneration {unknown}
 g - 3 potions of agility {unknown}
 m - a potion of resistance {unknown}
 p - a potion of berserk rage {unknown}
 t - a potion of haste {unknown}
Comestibles
 c - 7 rations


   Skills:
 + Level 2.8 Fighting
 + Level 4.3 Dodging
 * Level 1.9 Stealth
 * Level 3.1 Unarmed Combat
 + Level 2.7 Spellcasting
 + Level 1.0 Charms
 + Level 4.8 Translocations


You had 4 spell levels left.
You knew the following spells:

 Your Spells              Type           Power        Failure   Level  Hunger
a - Blink                 Tloc           N/A          4%          2    ###....
b - Shroud of Golubria    Chrm/Tloc      ##....       10%         2    ###....

Your spell library contained the following spells:

 Spells                   Type           Power        Failure   Level  Hunger
 Gell's Gravitas          Tloc           ###.......   10%         3    ###....
 Lesser Beckoning         Tloc           ###.......   10%         3    ###....
 Teleport Other           Tloc           ###.....     10%         3    ###....
 Passage of Golubria      Tloc           N/A          30%         4    #####..


Dungeon Overview and Level Annotations

Branches:
Dungeon (3/15)

Altars:
Kikubaaqudgha
Makhleb
Vehumet
Xom

Annotations:
D:2 Robin
D:3 Grinder


Innate Abilities, Weirdness & Mutations

You cannot wear armour.
You are incapable of wielding weapons or throwing items.
Your paws allow you to move quietly. (Stealth)
You have sharp claws.
You have razor-sharp teeth.
You have supernaturally acute eyesight. (SInv)
You are carnivorous and can eat meat at any time.
You cover ground quickly.
You are covered in fur. (AC +1)
You have a slow metabolism.
Your sharp claws are effective at attacking unaware monsters.


Message History

The leopard gecko barely misses you.
The goblin zaps a wand.
The bolt of acid misses you. The goblin closely misses you.
The goblin zaps a wand.
The bolt of acid misses you. The bat completely misses you.
The bat barely misses you.
Grinder says, "I used to sell toenails on the black market."
The bat barely misses you. The bat hits you.
The goblin zaps a wand.
The bolt of acid hits the leopard gecko!
The leopard gecko is splashed with acid.
The acid corrodes the leopard gecko!
The leopard gecko dies!
The bolt of acid misses you. The bat misses you.
There is a stone staircase leading up here.
The bat misses you.
The goblin zaps a wand.
The bolt of acid hits you! The acid corrodes you!
You are splashed with acid!
Ouch! That really hurt!
You die...

.# #.##...#### ###
#.#.5### ..######.....#
....(.......g# ####
##..########.####..#
##..######.g.....#
##....#......##.#
####....#.##.#.#..########
..........##.#..@........#
........####...........>.#
..#.....####..#..........#
.......).....##b.........#
.........................#
>..####...###............#
...........###...........#
........)#####...........#
..#####........).........#


You could see a goblin and a bat.

Vanquished Creatures
  A crimson imp (D:3)
  A gnoll (D:1)
  4 adders (D:2)
  3 dart slugs
  2 ball pythons
  5 giant cockroaches
  11 goblins
  8 hobgoblins
  11 jackals
  3 kobolds (D:1)
  2 quokkas
  9 bats
  2 frilled lizards
  7 rats
69 creatures vanquished.

Vanquished Creatures (others)
  A leopard gecko (D:3)
1 creature vanquished.

Grand Total: 70 creatures vanquished

Notes
Turn   | Place    | Note
-------+----------+-------------------------------------------
     0 | D:1      | Descartes the Felid Warper began the quest for the Orb.
     0 | D:1      | Reached XP level 1. HP: 9/9 MP: 4/4
   395 | D:1      | Reached XP level 2. HP: 5/13 MP: 6/6
   796 | D:1      | Reached XP level 3. HP: 4/16 MP: 7/7
  2098 | D:1      | Learned a level 2 spell: Blink
  2101 | D:1      | Learned a level 2 spell: Shroud of Golubria
  2655 | D:2      | Reached XP level 4. HP: 20/20 MP: 6/8
  2906 | D:2      | Reached skill level 1 in Stealth
  2907 | D:2      | Found an ancient bone altar of Kikubaaqudgha.
  3001 | D:2      | HP: 1/20 [worm (9)]
  3753 | D:3      | Noticed Robin
  4393 | D:3      | Found a shimmering altar of Xom.
  4607 | D:3      | Found a burning altar of Makhleb.
  4607 | D:3      | Found a radiant altar of Vehumet.
  4991 | D:3      | Reached skill level 1 in Charms
  4991 | D:3      | Reached XP level 5. HP: 20/24 MP: 8/10
  5134 | D:3      | Noticed Grinder
  5135 | D:3      | Paralysed by Grinder for 3 turns
  5136 | D:3      | HP: 1/24 [goblin/bolt of acid[Robin] (17)]
  5136 | D:3      | Splashed by a goblin's acid
  5137 | D:3      | Reached XP level 4. HP: -11/20 MP: 9/9
  5165 | D:3      | Splashed by a goblin's acid

Levels and vault maps discovered:
D:1:      minmay_arrival_plants_in_alcoves, layout_basic,
          serial_co_window_serial, co_window_paths_a,
          co_window_of_opportunity_a, co_window_paths_b, co_window_corner_a,
          co_window_paths_b, co_window_paths_b, co_window_paths_a,
          co_window_cross_4, co_window_corner_ca, co_window_cross_4,
          co_window_corner_b, co_window_paths_e, glass_columns_b,
          glass_columns_c, glass_columns_a, glass_columns_b, glass_columns_a
D:2:      layout_loops_ring, kiku_gazebo_garden_becter,
          minmay_misc_feat_ornament
D:3:      layout_rooms, grunt_temple_overflow_lords_of_destruction,
          old_standard_altar, uniq_robin, uniq_grinder

Skill      XL: |  1  2  3  4 |
---------------+-------------+-----
Dodging        | 4 |  4.3
Stealth        | 1 |  1.9
Unarmed Combat | 3 |  3.1
Charms         | 1 |  1.0
Fighting       | |  2.8
Spellcasting   | |  2.7
Translocations | |  4.8

Action                   |  1- 3 |  4- 6 || total
-------------------------+-------+-------++-------
Melee: Unarmed           |   175 |   161 ||   336
       Bite              |    15 |    17 ||    32
 Cast: Shroud of Golubri |     3 |     3 ||     6
  Use: Scroll            |       |     1 ||     1
       Potion            |       |     1 ||     1
 Stab: Sleeping          |     5 |       ||     5
  Eat: Chunk             |    11 |     7 ||    18
Armor: Skin              |     9 |     9 ||    18
Dodge: Dodged            |   171 |   158 ||   329
